 Dungeon Crawl Stone Soup version 0.24.0-123-gd5b16e6ec5 (webtiles) character file.

Game seed: 14280212135812817378, levelgen mode: deterministic

25 MisterOstroum the Changer (level 3, -1/33 HPs)
             Began as an Ogre Transmuter on Jan 8, 2020.
             Succumbed to an adder's poison
             ... on level 2 of the Dungeon.
             The game lasted 00:02:08 (1065 turns).

MisterOstroum the Changer (Ogre Transmuter)         Turns: 1065, Time: 00:02:08

Health: -1/33      AC:  3    Str: 14    XL:     3   Next: 6%
Magic:  3/6        EV: 10    Int: 15    God:
Gold:   37         SH:  0    Dex:  9    Spells: 0/6 levels left

rFire    . . .     SeeInvis .     - Unarmed
rCold    . . .     Gourm    .   (no shield)
rNeg     . . .     Faith    .   b - +0 robe
rPois    .         Spirit   .   (helmet restricted)
rElec    .         Reflect  .   (no cloak)
rCorr    .         Harm     .   (gloves unavailable)
MR       .....                  (boots unavailable)
Stlth    +.........             (no amulet)
HPRegen  0.11/turn              (no ring)
MPRegen  0.10/turn              (no ring)

@: lethally poisoned (-1 -> -18), appendage (expiring)
A: large, unfitting armour, horns 2, tough skin 1
a: End Transformation


You were on level 2 of the Dungeon.
You were not hungry.
You had grown temporary horns.
You visited 1 branch of the dungeon, and saw 2 of its levels.

You collected 37 gold pieces.

Inventory:

Hand Weapons
 h - a +0 spear
Missiles
 a - 30 arrows
 c - a throwing net (quivered) {!f}
 d - 24 stones
 f - 25 bolts
Armour
 b - a +0 robe (worn)
Jewellery
 j - an uncursed amulet of harm {unknown}
Scrolls
 g - 2 scrolls of teleportation {!r, unknown}
 i - a scroll of remove curse {!r, unknown}
 k - a scroll of amnesia {!r, unknown}
 l - a scroll of fear {!r, unknown}
Comestibles
 e - 3 rations


   Skills:
 - Level 1.3 Fighting
 - Level 1.7 Dodging
 - Level 2.6 Unarmed Combat
 - Level 2.4 Spellcasting
 * Level 3.1 Transmutations


You couldn't memorise any spells.
You knew the following spells:

 Your Spells              Type           Power        Failure   Level  Hunger
a - Beastly Appendage     Tmut           ##....       6%          1    #......
b - Sticks to Snakes      Tmut           ##......     9%          2    ###....
c - Spider Form           Tmut/Pois      #.........   32%         3    ###....

Your spell library contained the following spells:

 Spells                   Type           Power        Failure   Level  Hunger
 Ice Form                 Ice/Tmut       #.......     73%         4    #####..
 Blade Hands              Tmut           ##........   85%         5    ######.


Dungeon Overview and Level Annotations

Branches:
Dungeon (2/15)

Altars:


Innate Abilities, Weirdness & Mutations

You are too large for most types of armour.
You have tough skin. (AC +1)
You have a pair of horns on your head.


Message History

An ooze is nearby!
An ooze is nearby!
You hit the ooze.
The ooze is moderately wounded.
The ooze hits you.
You hit the ooze.
The ooze is moderately wounded.
The ooze hits you.
You hit the ooze.
The ooze is moderately wounded.
The ooze hits you but does no damage.
You barely miss the ooze.
The ooze is moderately wounded.
The ooze barely misses you.
You hit the ooze.
The ooze is moderately wounded.
A goblin comes into view.
The ooze hits you but does no damage.
The goblin shouts!
You hit the ooze.
The ooze is heavily wounded.
You hear an angry hiss.
The ooze closely misses you.
Casting: Beastly Appendage (safe; 6% risk of failure)
Confirm with . or Enter, or press ? or * to list all spells.
You grow a pair of large bovine horns.
The ooze hits you.
An adder comes into view.
You hit the ooze but do no damage.
You headbutt the ooze, but do no damage.
The ooze is heavily wounded.
The ooze hits you.
You are too injured to fight recklessly!
Casting: Beastly Appendage (safe; 6% risk of failure)
Confirm with . or Enter, or press ? or * to list all spells.
You create a snake!
You now have 31 arrows.
The ooze closely misses you.
You hit the ooze but do no damage.
The ooze is heavily wounded.
The ooze hits you.
Your ball python bites the ooze.
You hit the ooze but do no damage. Your headbutt misses the ooze.
The ooze is heavily wounded.
Your ball python bites the ooze.
The ooze barely misses you.
Your ball python bites the ooze but does no damage.
The ooze barely misses your ball python.
You see here a goblin skeleton.
You hit the goblin.
You kill the goblin!
Your ball python bites the ooze.
The ooze completely misses your ball python.
Your ball python bites the ooze.
The ooze hits your ball python.
Your ball python bites the ooze but does no damage.
There is a stone staircase leading up here.
The ooze hits your ball python.
Your ball python dies!
The adder bites you.
You are poisoned.
The adder poisons you!
You feel sick.
Your transformation is almost over.
Casting: Sticks to Snakes (safe; 9% risk of failure)
Confirm with . or Enter, or press ? or * to list all spells.
You create a snake!
You now have 30 arrows.
The adder bites you.
You are more poisoned.
The adder poisons you! The adder closely misses you.
You feel sick.
Found a scroll labeled DUURUE ZASHRYC.
You feel sick.
Your ball python misses the adder.
Your ball python barely misses the adder.
The adder bites you.
* * * LOW HITPOINT WARNING * * *
You are lethally poisoned!
The adder poisons you!
* * * LOW HITPOINT WARNING * * *
You feel sick.
Your ball python completely misses the adder. x2
Your ball python closely misses the adder. x2
Found an escape hatch in the floor.
You aren't carrying any potions.
You barely miss the adder.
* * * LOW HITPOINT WARNING * * *
You feel sick. The adder bites you but does no damage.
Your ball python closely misses the adder. x2
You hit the adder. Your headbutt misses the adder.
The adder is heavily wounded.
* * * LOW HITPOINT WARNING * * *
You feel sick. The adder bites you.
* * * LOW HITPOINT WARNING * * *
The ooze hits your ball python.
Your ball python dies!
The adder bites you but does no damage.
You miss the adder.
The adder is heavily wounded.
The adder bites you.
* * * LOW HITPOINT WARNING * * *
You are more poisoned.
The adder poisons you!
You hit the adder. Your headbutt misses the adder.
The adder is severely wounded.
You die...

..............#
.....##รท#######
.###. #<# #. #.#
#. #.# #> #J# #.
#.# ...###.##.#
..?....@SJ#
#..###.#### #.
.. ###


You could see an ooze and an adder.

Vanquished Creatures
  4 giant cockroaches (D:1)
  5 goblins
  A hobgoblin (D:1)
  3 bats (D:1)
  5 frilled lizards (D:1)
  4 kobolds (D:1)
22 creatures vanquished.

Notes
Turn   | Place    | Note
-------+----------+-------------------------------------------
     0 | D:1      | MisterOstroum the Ogre Transmuter began the quest for the
                  | Orb.
     0 | D:1      | Reached XP level 1. HP: 19/19 MP: 3/3
    32 | D:1      | Reached skill level 2 in Transmutations
   327 | D:1      | Reached XP level 2. HP: 20/27 MP: 5/5
   338 | D:1      | Learned a level 2 spell: Sticks to Snakes
   706 | D:1      | Reached skill level 3 in Transmutations
  1026 | D:2      | Reached XP level 3. HP: 33/33 MP: 6/6
  1031 | D:2      | Learned a level 3 spell: Spider Form
  1064 | D:2      | HP: 1/33 [adder (3)]
  1065 | D:2      | Succumbed to an adder's poison

Levels and vault maps discovered:
D:1:      lemuel_arrival_river_bridge, layout_rooms
D:2:      layout_loops_ring, first_ration

Skill      XL: |  1  2 |
---------------+-------+-----
Transmutations | 2 3 |  3.1
Fighting       | |  1.3
Dodging        | |  1.7
Unarmed Combat | |  2.6
Spellcasting   | |  2.4

Action                   || total
-------------------------++-------
Melee: Unarmed           ||    94
       Kick              ||     5
       Headbutt          ||     1
 Cast: Beastly Appendage ||    11
       Sticks to Snakes  ||     2
  Eat: Chunk             ||     1
Armor: Robe              ||    51
Dodge: Dodged            ||    73
